 Dungeon Crawl Stone Soup version 0.25-a0-659-gdb1d69e (webtiles) character file.

Game seed: 8195959366084536883, levelgen mode: deterministic

51 ssssssssss the Bolt Thrower (level 4, 0/27 HPs)
             Began as a Kobold Hunter on Mar 22, 2020.
             Succumbed to an adder's poison
             ... on level 2 of the Dungeon.
             The game lasted 00:08:23 (568 turns).

ssssssssss the Bolt Thrower (Kobold Hunter)          Turns: 568, Time: 00:08:24

Health: 0/27       AC:  3    Str:  9    XL:     4   Next: 5%
Magic:  4/4        EV: 15    Int: 12    God:
Gold:   56         SH:  0    Dex: 16    Spells: 3/3 levels left

rFire    . . .     SeeInvis .   a - +2 hand crossbow
rCold    . . .     Gourm    .   (shield restricted)
rNeg     . . .     Faith    .   c - +0 leather armour
rPois    .         Spirit   .   (no helmet)
rElec    .         Reflect  .   (no cloak)
rCorr    .         Harm     .   (no gloves)
MR       .....                  (no boots)
Stlth    ++........             (no amulet)
HPRegen  0.09/turn              (no ring)
MPRegen  0.09/turn              (no ring)

@: lethally poisoned (0 -> -4)
A: small, carnivore
a: no special abilities


You were on level 2 of the Dungeon.
You were not hungry.

You visited 1 branch of the dungeon, and saw 2 of its levels.

You collected 56 gold pieces.

Inventory:

Hand Weapons
 a - a +2 hand crossbow (weapon)
 b - a +0 short sword
 h - a +0 short sword
 i - a +0 club
 n - a +0 dagger
Missiles
 d - 9 bolts (quivered)
 e - 21 arrows
 g - 23 sling bullets
 k - 7 boomerangs
Armour
 c - a +0 leather armour (worn)
 j - a +0 robe
 l - a +0 pair of boots
 m - a +0 chain mail
 o - a cursed -2 robe
Comestibles
 f - 2 rations


   Skills:
 + Level 2.5 Fighting
 + Level 0.1 Short Blades
 + Level 6.1 Crossbows
 + Level 0.1 Armour
 + Level 2.5 Dodging
 + Level 1.4 Stealth


You had 3 spell levels left.
You didn't know any spells.
Your spell library was empty.

Dungeon Overview and Level Annotations

Branches:
Dungeon (2/15)

Altars:


Innate Abilities, Weirdness & Mutations

You are small and have problems with some larger weapons.
You are carnivorous and can eat meat at any time.


Message History

You shoot a bolt. The bolt hits the adder!
The adder is almost dead.
The adder bites you.
* * * LOW HITPOINT WARNING * * *
You are lethally poisoned!
The adder poisons you!
Firing (i - inventory. (/) - cycle)
d - 11 bolts (quivered)
Press: ? - help, Shift-Dir - straight line, f/p - adder
Aim: an adder (almost dead)
You shoot a bolt. The bolt closely misses the adder.
* * * LOW HITPOINT WARNING * * *
You feel sick. The adder barely misses you.
The adder bites you but does no damage.
Firing (i - inventory. (/) - cycle)
d - 10 bolts (quivered)
Press: ? - help, Shift-Dir - straight line, f/p - adder
Aim: an adder (almost dead)
You shoot a bolt. The bolt hits the adder!
You kill the adder!
You have reached level 4!
You die...

#######'#'##' .###
#............ ....
###........?... .....
.................. g....
.................. ..##
................... #.##
................... ..+
(....$(@........... #.#
....(.............. #.#
...................###..
###.............###...#.
##....##..............
#....##.....†........
#....##..............
#....##........###...
#....##........# #.##


There were no monsters in sight!

Vanquished Creatures
  3 adders (D:2)
  A dart slug (D:2)
  A leopard gecko (D:1)
  A ball python (D:1)
  2 goblins (D:2)
  2 hobgoblins
  3 jackals (D:2)
  2 quokkas (D:2)
  3 bats
  A frilled lizard (D:2)
  A kobold (D:2)
  A rat (D:2)
21 creatures vanquished.

Notes
Turn   | Place    | Note
-------+----------+-------------------------------------------
     0 | D:1      | ssssssssss the Kobold Hunter began the quest for the Orb.
     0 | D:1      | Reached XP level 1. HP: 12/12 MP: 1/1
     7 | D:1      | Noticed an electric eel
     8 | D:1      | Noticed an electric eel
    94 | D:1      | Reached skill level 5 in Crossbows
   261 | D:2      | Reached XP level 2. HP: 14/18 MP: 2/2
   446 | D:2      | Reached XP level 3. HP: 9/22 MP: 3/3
   523 | D:2      | Reached skill level 6 in Crossbows
   567 | D:2      | HP: 1/22 [poisoned by an adder]
   568 | D:2      | Reached XP level 4. HP: 1/27 MP: 4/4
   568 | D:2      | Succumbed to an adder's poison

Levels and vault maps discovered:
D:1:      arrival_aquarium_b, layout_rooms
D:2:      layout_basic, first_ration, nrook_uturn

Skill      XL: |  1  2  3 |
---------------+----------+-----
Crossbows      | 5 6 |  6.1
Fighting       | |  2.5
Short Blades   | |  0.1
Armour         | |  0.1
Dodging        | |  2.5
Stealth        | |  1.4

Action                   |  1- 3 |  4- 6 || total
-------------------------+-------+-------++-------
Melee: Short sword       |    10 |       ||    10
 Fire: Hand crossbow     |    54 |       ||    54
Throw: Boomerang         |     1 |       ||     1
  Use: Scroll            |     6 |       ||     6
       Potion            |     1 |       ||     1
Armor: Leather armour    |    16 |       ||    16
Dodge: Dodged            |    47 |       ||    47

Table legend:
 A = Non-vault XP
 B = Vault XP
 C = Vault XP percentage of total XP
 D = Non-vault monster count
 E = Vault monster count
 F = Vault count percentage of total count
                 A         B        C        D         E       F
            +---------+---------+-------+---------+---------+-------
      Total |      73 |       0 |   0.0 |      21 |       0 |   0.0
            +---------+---------+-------+---------+---------+-------
        D:1 |       8 |       0 |   0.0 |       4 |       0 |   0.0
        D:2 |      65 |       0 |   0.0 |      17 |       0 |   0.0
            +---------+---------+-------+---------+---------+-------
